 Dungeon Crawl Stone Soup version 0.25-a0-35-g747a2b3c0c (webtiles) character file.

Game seed: 16052039164659461625, levelgen mode: deterministic

14235 GordonOverkill the Thaumaturge (level 11, 0/92 HPs)
             Began as a Purple Draconian Fire Elementalist on Oct 19, 2019.
             Was an Elder of Vehumet.
             Shot with a bolt by a yaktaur (38 damage)
             ... on level 13 of the Dungeon.
             The game lasted 00:35:46 (17972 turns).

GordonOverkill the Thaumaturge (DrFE)              Turns: 17972, Time: 00:35:46

Health: 0/92       AC: 12    Str: 10    XL:     11   Next: 86%
Magic:  23/26      EV: 13    Int: 19    God:    Vehumet [****..]
Gold:   220        SH:  0    Dex: 12    Spells: 14/33 levels left

rFire    + . .     SeeInvis .   j - +7 hunting sling "Zeshrysk" {flame, rElec}
rCold    x . .     Gourm    .   (no shield)
rNeg     . . .     Faith    .   (armour unavailable)
rPois    .         Spirit   .   (helmet restricted)
rElec    +         Reflect  .   M - +1 cloak
rCorr    .         Harm     .   B - +2 pair of gloves {archery}
MR       +....                  (no boots)
Stlth    ++........             (no amulet)
HPRegen  0.25/turn              e - ring of fire
MPRegen  0.20/turn              g - ring of wizardry

@: no status effects
A: breathe power, unfitting armour, horns 1, stinger 1, cold-blooded, AC +7
a: Breathe Dispelling Energy, Renounce Religion


You were on level 13 of the Dungeon.
You worshipped Vehumet.
Vehumet was greatly pleased with you.
You were not hungry.

You visited 2 branches of the dungeon, and saw 13 of its levels.

You collected 614 gold pieces.
You spent 394 gold pieces at shops.

Inventory:

Hand Weapons
 c - a +1 spear
 j - the +7 hunting sling "Zeshrysk" (weapon) {flame, rElec}
   (You found it on level 7 of the Dungeon)

   It causes projectiles fired from it to burn those they strike, causing extra
   injury to most foes and up to half again as much damage against particularly
   susceptible opponents.
   It insulates you from electricity.
 z - a +0 dagger of venom
 A - a +2 falchion of holy wrath
 D - a +0 trident
Missiles
 n - 7 boomerangs
 I - 97 sling bullets (quivered)
 J - 139 stones
Armour
 B - a +2 pair of gloves of archery (worn)
 M - a +1 cloak (worn)
Jewellery
 e - a ring of fire (left hand)
 g - a ring of wizardry (right hand)
 r - an uncursed ring of flight
 t - an uncursed ring of resist corrosion
 y - an uncursed ring of protection from magic
 N - an uncursed ring of ice
Wands
 o - a wand of digging (7)
 u - a wand of disintegration (26)
 C - a wand of polymorph (5)
Scrolls
 h - a scroll of identify
 i - 2 scrolls of magic mapping
 k - 3 scrolls of remove curse
 p - a scroll of enchant weapon
 w - 2 scrolls of blinking
 x - 3 scrolls of teleportation
 E - a scroll of fear
 L - a scroll of fog
Potions
 a - 2 potions of mutation
 d - 5 potions of curing
 f - 3 potions of flight
 l - a potion of resistance
 m - 3 potions of brilliance
 q - 5 potions of haste
 s - 2 potions of agility
 v - a potion of invisibility
 F - a potion of might
 H - a potion of magic
 K - a potion of cancellation
Comestibles
 b - 23 rations
 G - a chunk of flesh


   Skills:
 + Level 7.0 Fighting
 - Level 4.0 Dodging
 - Level 4.0 Stealth
 + Level 11.6 Spellcasting
 + Level 9.5 Conjurations
 - Level 5.0 Summonings
 - Level 7.0 Fire Magic
 - Level 5.0 Air Magic
 - Level 3.0 Evocations


You had 14 spell levels left.
You knew the following spells:

 Your Spells              Type           Power        Failure   Level  Hunger
a - Flame Tongue          Conj/Fire      #####        1%          1    None
b - Conjure Flame         Conj/Fire      ######..     1%          3    None
c - Sticky Flame          Conj/Fire      ######..     1%          4    ##.....
d - Fireball              Conj/Fire      ######....   1%          5    ####...
e - Summon Lightning Spi  Summ/Air       ####....     3%          4    ##.....
f - Blink                 Tloc           N/A          4%          2    None

Your spell library contained the following spells:

 Spells                   Type           Power        Failure   Level  Hunger
 Lightning Bolt           Conj/Air       #####.....   1%          5    ####...
 Freeze                   Ice            ##..         1%          1    None
 Magic Dart               Conj           ####         1%          1    None
 Summon Small Mammal      Summ           ####         1%          1    None
 Call Imp                 Summ           ####....     1%          2    None
 Throw Flame              Conj/Fire      ######       1%          2    None
 Throw Frost              Conj/Ice       ####..       1%          2    None
 Call Canine Familiar     Summ           ####....     1%          3    None
 Inner Flame              Hex/Fire       #####...     1%          3    None
 Mephitic Cloud           Conj/Pois/Air  ####....     1%          3    None
 Throw Icicle             Conj/Ice       ####....     1%          4    ##.....
 Summon Guardian Golem    Hex/Summ       ###.....     2%          3    None
 Slow                     Hex            ##......     4%          2    None
 Ozocubu's Armour         Chrm/Ice       ##......     8%          3    None
 Summon Ice Beast         Ice/Summ       ###.....     9%          4    ##.....


Dungeon Overview and Level Annotations

Branches:
Dungeon (11/15)            Temple (1/1) D:6            Lair (0/6) D:9
    Orc (0/2) D:11

Altars:
Ashenzari
Cheibriados
Dithmenos
Elyvilon
Fedhas
Gozag
Hepliaklqana
Kikubaaqudgha
Makhleb
Nemelex Xobeh
Okawaru
Qazlal
Ru
Sif Muna
Trog
Uskayaw
Vehumet
Wu Jian
Xom
Yredelemnul
Zin
The Shining One

Shops:
D:4 ?   D:9 ?   D:10 *   D:11 =

Annotations:
D:10 1 runed translucent door
D:11 3 runed translucent doors, Peloso's ghost, journeyman MiFi


Innate Abilities, Weirdness & Mutations

You can breathe bolts of dispelling energy.
Your rich purple scales are hard. (AC +7)
You cannot fit into any form of body armour.
You are cold-blooded and may be slowed by cold attacks.
You have a pair of small horns on your head.
Your tail ends in a poisonous barb.


Message History

r - Retreat! s - Stop attacking. g - Guard the area. f - Follow me.
Anything else - Cancel.
Gang up on whom?
Press: ? - help, Dir - move target cursor, f - yaktaur
Aim: a yaktaur Attack!
An arrow appears from out of your range of vision.
The arrow hits your lightning spire!
The yaktaur wields a +3 arbalest.
The yaktaur shoots a bolt.
The bolt hits your lightning spire!
Your lightning spire is destroyed!
The yaktaur shoots a bolt.
The bolt hits you!!
You see here a bolt.
A yaktaur comes into view.
The yaktaur shouts!
The yaktaur shoots a bolt.
The bolt hits you!
The yaktaur wields a +0 arbalest.
The yaktaur shoots a bolt.
The bolt hits you!!
You see here 2 bolts.
The yaktaur shoots a bolt.
The bolt hits you!!!
You die...

##.#c# ..## #...c# c...#
#######..#.###....#
..................# ####
########.#)#.#....# ...#
#.(........# ...#
###(.....#.# ...#
#.รท......#
################@.....###
......................#
...##..#..............#
...##..#..............#
...##..#..............#
...##..#..............#
...##..#..............#
.......#..............#
.......#..............#


You could see a yaktaur captain and a yaktaur.

Vanquished Creatures
  Fannar (D:11)
  2 two-headed ogres
  An unseen horror (D:9)
  A wizard (D:10)
  Pikel (D:7)
  An orc knight (D:11)
  A centaur zombie (D:11)
  3 trolls
  A queen bee (D:8)
  Prince Ribbit (D:7)
  A vampire (D:11)
  A wyvern (D:10)
  Eustachio (D:5)
  8 orc warriors
  6 sky beasts
  An eye of draining (D:13)
  7 ice beasts
  4 black bears
  A phantom (D:5)
  8 ogres
  4 centaurs
  6 bullfrogs
  5 scorpions
  5 wights (D:9)
  16 killer bees
  4 electric eels
  10 howler monkeys
  5 orc priests
  8 orc wizards
  8 hounds
  A centaur skeleton (D:6)
  2 iguanas
  4 jellies
  3 bullfrog skeletons
  A gnoll shaman (D:6)
  Ijyb (D:3)
  6 worker ants
  Terence (D:2)
  A hound zombie (D:9)
  2 hound skeletons
  21 gnolls
  9 adders
  2 shadow imps
  An ooze (D:1)
  An adder skeleton (D:5)
  A worm (D:2)
  2 dart slugs (D:1)
  5 leopard geckos
  45 orcs
  A ball python (D:6)
  6 giant cockroaches
  2 gnoll zombies (D:7)
  17 goblins
  6 hobgoblins
  18 jackals
  3 quokkas
  9 bats
  6 frilled lizards
  A jackal zombie (D:7)
  5 kobolds
  9 rats
314 creatures vanquished.

Vanquished Creatures (collateral kills)
  A hydra (D:10)
  Erica (D:11)
  5 orc warriors (D:11)
  An ogre (D:11)
  A centaur (D:11)
  2 big kobolds (D:11)
  2 gnoll sergeants (D:11)
  14 killer bees
  2 crimson imps (D:10)
  An orc priest (D:11)
  3 gnolls (D:11)
  7 orcs
40 creatures vanquished.

Vanquished Creatures (others)
  An ice beast (D:7)
  A crimson imp (D:7)
  A hound skeleton (D:7)
  A leopard gecko (D:7)
  A goblin (D:3)
  6 plants (D:9)
11 creatures vanquished.

Grand Total: 365 creatures vanquished

Notes
Turn   | Place    | Note
-------+----------+-------------------------------------------
     0 | D:1      | GordonOverkill the Draconian Fire Elementalist began the
                  | quest for the Orb.
     0 | D:1      | Reached XP level 1. HP: 14/14 MP: 3/3
   301 | D:1      | Reached XP level 2. HP: 20/20 MP: 3/5
   949 | D:1      | Reached XP level 3. HP: 26/26 MP: 0/6
  1176 | D:2      | Learned a level 3 spell: Conjure Flame
  1263 | D:2      | Noticed a scorpion
  1373 | D:2      | Gained mutation: You have a pair of small horns on your
                  | head. [potion of mutation]
  1373 | D:2      | Gained mutation: Your tail ends in a poisonous barb.
                  | [potion of mutation]
  2139 | D:2      | Killed a scorpion
  2139 | D:2      | Reached XP level 4. HP: 24/33 MP: 2/8
  2486 | D:2      | Noticed Terence
  2490 | D:2      | Killed Terence
  2615 | D:2      | Reached XP level 5. HP: 38/38 MP: 0/9
  2935 | D:3      | Learned a level 4 spell: Sticky Flame
  3159 | D:3      | Found a sacrificial altar of Ru.
  3167 | D:3      | Found an ancient bone altar of Kikubaaqudgha.
  3170 | D:3      | Found a burning altar of Makhleb.
  3220 | D:3      | Found a hazy altar of Hepliaklqana.
  3366 | D:3      | Reached skill level 3 in Spellcasting
  4090 | D:3      | Noticed Ijyb
  4099 | D:3      | Killed Ijyb
  4495 | D:4      | Found Tuin Haheso's Magic Scroll Shoppe.
  4495 | D:4      | Found a hide-covered altar of Uskayaw.
  4513 | D:3      | Reached XP level 6. HP: 26/45 MP: 0/11
  5129 | D:4      | Bought a scroll of blinking for 105 gold pieces
  5129 | D:4      | Bought a scroll of teleportation for 42 gold pieces
  5564 | D:5      | Entered Level 5 of the Dungeon
  5577 | D:5      | Reached skill level 4 in Spellcasting
  5819 | D:5      | Your scales start taking on a rich purple colour.
  5819 | D:5      | Reached skill level 5 in Spellcasting
  5819 | D:5      | Reached XP level 7. HP: 50/50 MP: 9/14
  6007 | D:5      | Reached skill level 1 in Fighting
  6335 | D:5      | Noticed Eustachio
  6343 | D:5      | Killed Eustachio
  6798 | D:5      | Learned a level 5 spell: Fireball
  6832 | D:6      | Reached skill level 5 in Conjurations
  6832 | D:6      | Reached skill level 5 in Fire Magic
  6925 | D:6      | Reached XP level 8. HP: 51/63 MP: 10/15
  7055 | D:6      | Reached skill level 1 in Evocations
  7222 | D:6      | Found a sparkling altar of Nemelex Xobeh.
  7267 | D:6      | Found a staircase to the Ecumenical Temple.
  7618 | Temple   | Entered the Ecumenical Temple
  7737 | Temple   | Became a worshipper of Vehumet
  7779 | D:6      | Reached skill level 6 in Spellcasting
  8092 | D:6      | Found an ornate altar of the Wu Jian Council.
  8104 | D:6      | Found a shimmering altar of Xom.
  8134 | D:6      | Reached skill level 7 in Spellcasting
  8279 | D:6      | Reached XP level 9. HP: 47/71 MP: 10/19
  8394 | D:6      | Learned a level 4 spell: Summon Lightning Spire
  8435 | D:6      | Found an iron altar of Okawaru.
  8436 | D:6      | Found a bloodstained altar of Trog.
  8664 | D:6      | Found an iron altar of Okawaru.
  8933 | D:7      | Noticed Pikel
  8961 | D:7      | Killed Pikel
  8961 | D:7      | Reached * piety under Vehumet
  8961 | D:7      | Offered knowledge of Shock by Vehumet.
  8961 | D:7      | Reached skill level 1 in Summonings
  8961 | D:7      | Reached skill level 1 in Air Magic
  9054 | D:7      | Noticed Prince Ribbit
  9065 | D:7      | Killed Prince Ribbit
  9490 | D:7      | Reached skill level 5 in Fighting
  9561 | D:7      | Reached skill level 8 in Spellcasting
 10015 | D:7      | Found a basalt altar of Yredelemnul.
 10073 | D:7      | Found a blossoming altar of Fedhas.
 10126 | D:7      | Found a burning altar of Makhleb.
 10424 | D:7      | Got a warped hunting sling
 10425 | D:7      | Identified the +7 hunting sling "Zeshrysk" {flame, rElec}
                  | (You found it on level 7 of the Dungeon)
 10946 | D:8      | Noticed a queen bee
 10955 | D:8      | Reached XP level 10. HP: 43/81 MP: 1/22
 11676 | D:8      | Offered knowledge of Searing Ray by Vehumet.
 11783 | D:8      | Reached ** piety under Vehumet
 12727 | D:9      | Found a staircase to the Lair.
 12753 | D:9      | Found an opulent altar of Gozag.
 12817 | D:9      | Reached skill level 5 in Summonings
 12989 | D:9      | Noticed a two-headed ogre
 13001 | D:9      | Killed a two-headed ogre
 13001 | D:9      | Reached skill level 9 in Spellcasting
 13385 | D:9      | Found Ulemilim's Magic Scroll Boutique.
 13751 | D:9      | Noticed an unseen horror
 13755 | D:9      | Killed an unseen horror
 13755 | D:9      | Reached skill level 10 in Spellcasting
 14080 | D:9      | Reached skill level 5 in Air Magic
 14753 | D:10     | Entered Level 10 of the Dungeon
 14776 | D:10     | Offered knowledge of Static Discharge by Vehumet.
 14918 | D:10     | Found a runed translucent door.
 14975 | D:10     | Noticed a cyclops
 15008 | D:10     | Reached XP level 11. HP: 89/89 MP: 18/25
 15189 | D:10     | Reached *** piety under Vehumet
 15309 | D:10     | Found Hebedis's General Store.
 15347 | D:10     | Bought a potion of haste for 110 gold pieces
 15347 | D:10     | Bought a potion of mutation for 88 gold pieces
 15347 | D:10     | Bought a +0 cloak for 49 gold pieces
 15737 | D:10     | Noticed a two-headed ogre
 15740 | D:10     | Noticed a five-headed hydra
 15745 | D:10     | Killed a two-headed ogre
 15749 | D:10     | Killed a five-headed hydra
 15871 | D:10     | Noticed a wizard
 15874 | D:10     | Killed a wizard
 15877 | D:10     | Offered knowledge of Stone Arrow by Vehumet.
 15959 | D:10     | Learned a level 2 spell: Blink
 16362 | D:11     | Found a staircase to the Orcish Mines.
 16497 | D:11     | Noticed Fannar
 16498 | D:11     | Reached **** piety under Vehumet
 16505 | D:11     | Killed Fannar
 16505 | D:11     | Reached skill level 11 in Spellcasting
 16751 | D:11     | Offered knowledge of Lightning Bolt by Vehumet.
 16839 | D:11     | Noticed an orc knight
 17187 | D:11     | Killed an orc knight
 17628 | D:11     | Noticed Erica
 17636 | D:11     | Killed Erica
 17752 | D:11     | Found a runed translucent gate.
 17753 | D:11     | Found a runed translucent gate.
 17753 | D:11     | Found a runed translucent gate.
 17753 | D:11     | Noticed Peloso's ghost (journeyman MiFi)
 17755 | D:11     | Noticed a wizard
 17846 | D:11     | Found Paschon's Jewellery Emporium.
 17851 | D:11     | You fall into a shaft and drop 2 floors!
 17963 | D:13     | Noticed a yaktaur captain
 17963 | D:13     | Noticed a centaur warrior
 17972 | D:13     | Shot with a bolt by a yaktaur

Levels and vault maps discovered:
D:1:      ncdulo_wetmaze, layout_loops_ring, minmay_stone_trees_medium
D:2:      layout_basic, first_ration, serial_park_tiny_2, uniq_terence
D:3:      kennysheep_goblin_castle, layout_basic,
          grunt_temple_overflow_cloverleaf
D:4:      layout_rooms, eat_drink_and_be_merry_uskayaw, serial_shops, shop
D:5:      layout_cave_pods, minmay_curled_crystal, uniq_eustachio
D:6:      layout_basic, amethyst_overflow_temple_binary,
          grunt_temple_overflow_bloody_war, nicolae_overflow_crystal_walls,
          minmay_temple_entry_statues_fountains, nrook_pool_corridor,
          okawaru_altar_gauntlet_db
D:7:      layout_loops_corners, overflow_temple_1_default,
          lemuel_zombie_altar_yredelemnul, basic_altar, chequers_arboretum,
          minmay_statues_item, uniq_pikel, uniq_prince_ribbit1
D:8:      layout_basic, supply_closet_lemuel, david_nohive_1
D:9:      layout_roguey, kennysheep_little_box, lair_entry_dummy, serial_shops,
          shop, chequers_big_river
D:10:     layout_irregular_city, serial_shops, shop, hangedman_decor_slide_cut,
          grunt_decor_fettered, minmay_st_funbox, lightli_wizard_tower
D:11:     layout_roguey, kennysheep_orc_monster_closet_entryway,
          gammafunk_ghost_split, serial_shops, nicolae_shop_trees, special_room
          [special_room_orc], uniq_erica, uniq_fannar, uniq_sonja
D:13:     layout_stronghold, david_vaults_2, gauntlet_entry_generic,
          serial_shops, nicolae_shop_trees, grunt_ministairs_7
Temple:   nicolae_temple_figure_zero

Skill      XL: |  1  2  3  4  5  6  7  8  9 10 11 |
---------------+----------------------------------+-----
Stealth        | 2 3 4 |  4.0
Dodging        | 2 3 4 |  4.0
Conjurations   | 2 3 4 5 6 7 9 |  9.5
Spellcasting   | 3 5 7 8 10 11 | 11.6
Fire Magic     | 4 5 6 7 |  7.0
Fighting       | 3 4 5 6 7 |  7.0
Evocations     | 2 3 |  3.0
Summonings     | 3 5 |  5.0
Air Magic      | 4 5 |  5.0

Action                   |  1- 3 |  4- 6 |  7- 9 | 10-12 || total
-------------------------+-------+-------+-------+-------++-------
Melee: Spear             |    16 |    16 |    65 |     1 ||    98
       Headbutt          |       |     1 |     6 |       ||     7
       Tailslap          |       |       |     2 |       ||     2
       Hunting sling     |       |       |       |     2 ||     2
 Fire: Hunting sling     |       |       |       |    30 ||    30
Throw: Stone             |     9 |     9 |     9 |     5 ||    32
       Boomerang         |       |       |     3 |       ||     3
 Cast: Flame Tongue      |    87 |   131 |   238 |   302 ||   758
       Conjure Flame     |     2 |     1 |     1 |     4 ||     8
       Sticky Flame      |       |     1 |    16 |    63 ||    80
       Summon Lightning  |       |       |     3 |    24 ||    27
       Fireball          |       |       |       |     6 ||     6
       Blink             |       |       |       |     1 ||     1
 Abil: Breathe Dispellin |       |       |     1 |       ||     1
Evoke: Wand              |       |       |       |     7 ||     7
  Use: Potion            |     6 |       |       |     1 ||     7
       Scroll            |     3 |     2 |     7 |     7 ||    19
  Eat: Chunk             |     5 |    12 |    18 |    22 ||    57
       Ration            |       |       |       |     2 ||     2
Armor: Skin              |     9 |    21 |    68 |    80 ||   178
Dodge: Dodged            |    31 |    43 |   109 |   120 ||   303

Table legend:
 A = Non-vault XP
 B = Vault XP
 C = Vault XP percentage of total XP
 D = Non-vault monster count
 E = Vault monster count
 F = Vault count percentage of total count
                 A         B        C        D         E       F
            +---------+---------+-------+---------+---------+-------
      Total |   13656 |    6680 |  32.8 |     273 |      82 |  23.1
            +---------+---------+-------+---------+---------+-------
        D:1 |      42 |       0 |   0.0 |      22 |       0 |   0.0
        D:2 |     125 |      32 |  20.4 |      26 |       1 |   3.7
        D:3 |     133 |      54 |  28.9 |      19 |      11 |  36.7
        D:4 |     211 |       0 |   0.0 |      12 |       0 |   0.0
        D:5 |     499 |     191 |  27.7 |      10 |       1 |   9.1
        D:6 |    1743 |      51 |   2.8 |      42 |       7 |  14.3
        D:7 |    1129 |     932 |  45.2 |      20 |       4 |  16.7
        D:8 |     861 |     919 |  51.6 |      15 |      15 |  50.0
        D:9 |    3787 |       0 |   0.0 |      45 |       0 |   0.0
       D:10 |    2819 |     692 |  19.7 |      29 |       2 |   6.5
       D:11 |    2111 |    3809 |  64.3 |      31 |      41 |  56.9
       D:13 |     196 |       0 |   0.0 |       2 |       0 |   0.0
            +---------+---------+-------+---------+---------+-------
